Map: [EWC] Dynasty

Players

ByuN - Winner!

  • Race: Terran Terran
  • Spawn Location: 7:00

Spirit

  • Race: Terran Terran
  • Spawn Location: 1:00

Event: Esports World Cup 2024

VOD

Have the link to the VOD?

Description

Time

  • Played on: Aug. 15, 2024, 5:29 a.m.
  • Length: 7:57

All games in this series

Show
View Real Time Build Order
Export as new Build Order

ByuN Terran - Winner!

Build Orders: Command Center First, Cyclone Opening 

Get SALT Encoding   

  12  0:00  SCV  
  13  0:12  SCV  
  14  0:16  Supply Depot  
  14  0:24  SCV  
  15  0:38  SCV  
  16  0:50  SCV  
  17  0:57  Command Center  
  17  1:02  SCV  
  18  1:12  Barracks  
  18  1:15  SCV  
  19  1:20  Refinery  
  19  1:27  SCV  
  19  1:31  Refinery  
  20  1:39  SCV  
  21  1:51  SCV  
  22  1:58  Marine  
  23  2:03  Orbital Command  
  23  2:07  Factory  
  23  2:12  Orbital Command  
  23  2:16  Marine  
  24  2:28  SCV  
  25  2:34  Marine  
  26  2:39  SCV  
  26  2:40  SCV  
  28  2:50  Supply Depot  
  28  2:51  SCV, Cyclone  
  30  2:53  SCV, Starport  
  30  2:54  Marine  
  33  3:03  SCV  
  33  3:05  SCV  
  35  3:06  Barracks  
  35  3:12  Marine  
  35  3:15  Supply Depot  
  35  3:17  SCV x2  
  38  3:23  Factory Tech Lab  
  38  3:27  Refinery  
  38  3:29  SCV  
  38  3:30  SCV, Liberator  
  38  3:32  Barracks Reactor  
  44  3:41  Supply Depot, SCV  
  44  3:42  SCV, Siege Tank  
  48  3:53  Barracks Tech Lab, SCV  
  48  3:54  SCV  
  50  3:55  Supply Depot  
  50  4:05  SCV  
  50  4:06  SCV  
  52  4:11  Marine x2  
  52  4:12  Marine  
  52  4:13  Stimpack  
  52  4:14  Siege Tank  
  58  4:17  SCV  
  58  4:18  Supply Depot, SCV  
  58  4:21  Starport Reactor  
  60  4:28  Supply Depot  
  60  4:29  SCV  
  60  4:30  SCV  
  62  4:33  Marine x2  
  62  4:34  Marine  
  65  4:41  SCV  
  65  4:42  SCV  
  67  4:46  Siege Tank  
  67  4:48  Supply Depot, Command Center  
  70  4:53  Marine x3  
  70  4:54  Supply Depot  
  70  4:57  Medivac x2  
  77  5:11  Marine x3  
  78  5:15  Engineering Bay x2  
  78  5:16  Supply Depot  
  78  5:19  SCV x2  
  79  5:22  Siege Tank  
  82  5:29  Marine  
  82  5:31  SCV x2, Marine x2  
  87  5:37  Starport Reactor, Barracks  
  87  5:42  Refinery  
  87  5:43  SCV x2  
  87  5:44  Terran Infantry Weapons Level 1  
  87  5:46  Marine  
  87  5:47  Terran Infantry Armor Level 1  
  90  5:50  Marine  
  90  5:51  Marine  
  92  5:59  SCV x2  
  92  6:01  SCV  
  94  6:04  Marine  
  94  6:06  Combat Shield  
  94  6:11  SCV x2  
  96  6:13  SCV  
  96  6:17  Marine x2  
  91  6:22  Marine, Medivac  
  91  6:23  SCV x2  
  99  6:30  Marine x2  
  99  6:31  Widow Mine  
  100  6:33  Barracks  
  100  6:34  Orbital Command  
  100  6:35  SCV x2, Barracks  
  101  6:46  Marine  
  102  6:47  SCV x2, Marine x2  
  102  6:49  Marine x2  
  108  6:59  SCV x2  
  102  7:03  Marine  
  102  7:05  Siege Tank, Marine x2  
  102  7:06  Medivac x2  
  102  7:07  Marine x2  
  114  7:10  SCV  
  114  7:11  SCV  
  114  7:12  SCV  
  113  7:19  Refinery, Armory  
  113  7:21  Marine  
  113  7:22  SCV  
  113  7:23  SCV, Marine x2  
  113  7:24  SCV  
  113  7:25  Barracks Reactor  
  113  7:26  Barracks Reactor  
  117  7:35  Marine  
  117  7:36  Marine  
  111  7:39  Marine  
Show
View Real Time Build Order
Export as new Build Order

Spirit Terran 

Build Orders: Cyclone Opening 

Get SALT Encoding   

  12  0:00  SCV  
  13  0:12  SCV  
  14  0:17  Supply Depot  
  14  0:24  SCV  
  15  0:39  SCV  
  15  0:41  Barracks  
  16  0:43  Refinery  
  16  0:51  SCV  
  16  0:53  Refinery  
  17  1:03  SCV  
  18  1:15  SCV  
  19  1:28  Orbital Command, Reaper  
  20  1:32  Supply Depot  
  20  1:41  Factory  
  20  1:54  SCV  
  21  2:00  Reaper  
  22  2:06  SCV  
  23  2:17  Command Center  
  23  2:20  SCV  
  24  2:26  Hellion  
  26  2:32  SCV, Reaper  
  28  2:41  Supply Depot  
  29  2:44  SCV  
  29  2:47  Cyclone  
  31  3:03  SCV  
  31  3:05  Barracks Reactor  
  32  3:11  Command Center  
  32  3:15  SCV  
  33  3:20  Factory Tech Lab  
  33  3:27  SCV  
  33  3:28  Orbital Command  
  34  3:38  Siege Tank  
  34  3:39  SCV  
  34  3:41  Marine  
  39  3:42  Marine  
  40  3:50  Barracks  
  40  3:51  SCV  
  40  3:54  SCV  
  42  3:59  Marine  
  43  4:03  SCV  
  43  4:06  SCV  
  45  4:10  Siege Tank, Marine  
  45  4:15  SCV  
  50  4:17  Barracks  
  50  4:18  SCV  
  51  4:25  Starport  
  51  4:28  Orbital Command, SCV  
  52  4:32  SCV  
  52  4:34  Marine  
  52  4:35  Marine  
  55  4:38  Barracks Tech Lab  
  55  4:40  SCV  
  55  4:44  SCV  
  57  4:52  SCV, Marine  
  59  4:56  Supply Depot, SCV, Stimpack  
  59  4:57  Marine x2  
  59  4:58  Refinery  
  62  5:02  Starport Reactor  
  62  5:04  SCV  
  62  5:05  Barracks Reactor  
  62  5:06  Siege Tank  
  67  5:09  SCV, Marine  
  68  5:15  Engineering Bay x2  
  68  5:16  SCV  
  68  5:18  Orbital Command  
  69  5:21  Refinery  
  69  5:22  SCV  
  69  5:23  Marine x2  
  69  5:26  Supply Depot  
  69  5:28  SCV  
  73  5:30  Supply Depot  
  73  5:33  Marine  
  73  5:34  SCV  
  75  5:41  Terran Infantry Weapons Level 1, Marine  
  75  5:42  Marine, Terran Infantry Armor Level 1  
  77  5:47  Marine  
  77  5:49  Supply Depot, SCV  
  79  5:50  SCV  
  79  5:52  Supply Depot  
  79  5:54  Marine x2  
  83  5:59  Marine  
  83  6:01  SCV, Marine  
  83  6:03  SCV  
  82  6:04  Orbital Command  
  82  6:05  Marine  
  80  6:13  SCV  
  80  6:15  SCV  
  77  6:25  SCV  
  77  6:27  SCV  
  77  6:28  Viking x2  
  77  6:30  SCV  
  79  6:37  Marine  
  79  6:38  SCV  
  79  6:39  SCV  
  82  6:40  Marine  
  82  6:41  Marine  
  82  6:42  SCV  
  82  6:44  Marine  
  82  6:46  Marine  
  85  6:50  SCV  
  81  6:54  SCV, Marine  
  81  6:58  Marine  
  81  6:59  Marine  
  70  7:02  SCV, Marine  
  70  7:06  SCV  
  69  7:12  Medivac  
  69  7:14  SCV  
  62  7:16  Marine  
  62  7:18  SCV  
  62  7:19  Marine x2  
  62  7:20  Marine  
  66  7:26  SCV  
  58  7:30  Marine  
  58  7:31  SCV  
  58  7:34  Marine  
  51  7:38  SCV  
  51  7:43  SCV  
Tags
 
Add a new tag
Caveats
  • Supply blocks, unpowered buildings, or Contaminate may cause inaccurate times.
  • Supply counts are checked every 10 seconds.